 Dungeon Crawl Stone Soup version 0.18-b1-20-g17449fe (webtiles) character file.

1670 shmeve the Skirmisher (level 9, -6/56 HPs)
             Began as a Gargoyle Berserker on May 3, 2016.
             Was a High Priest of Trog.
             Mangled by shmeve's ghost (12 damage)
             ... on level 6 of the Dungeon.
             The game lasted 00:15:56 (6171 turns).

shmeve the Skirmisher (Gargoyle Berserker)          Turns: 6171, Time: 00:15:57

Health: -6/56      AC: 16    Str: 25    XL:     9   Next: 1%
Magic:  9/9        EV:  9    Int:  7    God:    Trog [*****.]
Gold:   243        SH:  5    Dex:  9    Spells: 0 memorised, 8 levels left

rFire  . . .     SeeInvis .     a - +0 hand axe
rCold  . . .     Gourm    .     A - +0 chain mail
rNeg   + . .     Faith    .     D - +0 buckler
rPois  ∞         Spirit   .     (no helmet)
rElec  +         Dismiss  .     h - +0 cloak
rCorr  +         Reflect  .     (no gloves)
SustAt .         Harm     .     (no boots)
MR     .....                    (no amulet)
Stlth  ..........               (no ring)
                                f - ring of resist corrosion

@: exhausted, slowed, very slow, not resistant to hostile enchantments,
extremely unstealthy
A: negative energy resistance 1, electricity resistance, unbreathing,
petrification resistance, rot immunity, AC +5
a: Berserk, Trog's Hand, Brothers in Arms, Burn Spellbooks, Renounce Religion


You were on level 6 of the Dungeon.
You worshipped Trog.
Trog was extremely pleased with you.
You were near starving.

You visited 1 branch of the dungeon, and saw 6 of its levels.

You collected 243 gold pieces.

Inventory:

Hand Weapons
 a - a +0 hand axe (weapon)
Armour
 h - a +0 cloak (worn)
 A - a +0 chain mail (worn)
 D - a +0 buckler (worn)
Jewellery
 f - a ring of resist corrosion (left hand)
Scrolls
 e - a scroll of enchant weapon {unknown}
 i - a scroll of noise
 j - 8 scrolls of identify
 n - 2 scrolls of remove curse
 v - 2 scrolls of teleportation {unknown}
 w - 2 scrolls of amnesia {unknown}
 x - a scroll of enchant armour {unknown}
 C - a scroll of fog {unknown}
 E - a scroll of random uselessness {unknown}
Potions
 b - a potion of cure mutation {unknown}
 d - 2 potions of brilliance {unknown}
 g - 3 potions of flight
 k - 2 potions of magic {unknown}
 l - a potion of invisibility {unknown}
 m - a potion of degeneration {unknown}
 o - a potion of ambrosia {unknown}
 r - a potion of heal wounds {unknown}
 s - a potion of mutation {unknown}
 t - 2 potions of haste
 u - 2 potions of curing {unknown}
Comestibles
 c - 6 bread rations
 p - 2 meat rations
 q - 5 beef jerkies


   Skills:
 - Level 6.5 Fighting
 - Level 4.9 Axes
 - Level 4.5 Armour
 - Level 2.9 Dodging
 + Level 5.8 Stealth
 * Level 5.5 Shields


You had 8 spell levels left.
You didn't know any spells.

Dungeon Overview and Level Annotations

Branches:
Dungeon (6/15)             Temple (0/1) D:5

Altars:
Elyvilon
Kikubaaqudgha
Makhleb
Nemelex Xobeh
Okawaru
Xom
Zin

Annotations:
D:6 shmeve's ghost, novice GrBe


Innate Abilities, Weirdness & Mutations

You are resistant to torment.
Your stone body is resilient (AC +5).
You are immune to poison.
You resist negative energy.
You are resistant to electric shocks.
You can survive without breathing.
You are immune to petrification.
You are immune to rotting.


Message History

You are no longer berserk.
You are exhausted.
You feel yourself slow down.
You are near starving!
Shmeve's ghost hits you.
* * * LOW HITPOINT WARNING * * *
You hit shmeve's ghost but do no damage.
Shmeve's ghost is almost destroyed.
Shmeve's ghost hits you but does no damage.
You block shmeve's ghost's attack.
You hit shmeve's ghost but do no damage.
Shmeve's ghost is almost destroyed.
Shmeve's ghost hits you but does no damage.
Unknown command.
You closely miss shmeve's ghost.
Shmeve's ghost is almost destroyed.
Shmeve's ghost hits you!
* * * LOW HITPOINT WARNING * * *
Shmeve's ghost hits you!
You die...

... #..##
#....
##...##
##..(..##
#.......#
##..W))####
#(..)@[...#
#..#..###.#
####...#.#
+........#
####....##
#..#.####.#
#.........#
####.######
#+# #.#


You could see shmeve's ghost.

Vanquished Creatures
  2 orc warriors
  3 ogres
  A centaur (D:5)
  Blork the orc (D:5)
  A wyvern skeleton (D:3)
  2 scorpions
  A giant frog zombie (D:5)
  2 hounds (D:4)
  3 orc priests
  A giant frog skeleton (D:4)
  2 iguanas
  7 orc wizards
  Natasha (thrice) (D:2)
  2 worker ants
  Robin (D:4)
  A howler monkey skeleton (D:4)
  6 gnolls
  10 adders
  3 oozes
  3 adder skeletons (D:4)
  2 worms (D:2)
  2 dart slugs
  8 giant geckos
  10 orcs
  A ball python (D:3)
  7 giant cockroaches
  17 goblins
  11 hobgoblins
  15 jackals
  11 kobolds
  4 quokkas
  6 bats
  6 giant newts
  A jackal skeleton (D:5)
  A quokka skeleton (D:4)
  A quokka zombie (D:5)
  7 rats
165 creatures vanquished.

Notes
Turn   | Place    | Note
--------------------------------------------------------------
     0 | D:1      | shmeve the Gargoyle Berserker began the quest for the Orb.
     0 | D:1      | Reached XP level 1. HP: 14/14 MP: 1/1
   200 | D:1      | Reached XP level 2. HP: 11/19 MP: 2/2
   390 | D:1      | Reached skill level 1 in Stealth
   737 | D:1      | Reached XP level 3. HP: 10/24 MP: 3/3
   747 | D:1      | Reached ** piety under Trog
  1689 | D:2      | Found a faded altar to an unknown god.
  1813 | D:2      | Reached XP level 4. HP: 17/29 MP: 4/4
  1859 | D:2      | Reached skill level 4 in Fighting
  2088 | D:2      | Noticed Natasha
  2101 | D:2      | Killed Natasha
  2164 | D:2      | Reached XP level 5. HP: 34/34 MP: 5/5
  2351 | D:2      | Noticed Natasha
  2369 | D:2      | Killed Natasha
  2473 | D:2      | Noticed Natasha
  2496 | D:2      | Killed Natasha
  2611 | D:3      | Found an ancient bone altar of Kikubaaqudgha.
  2626 | D:3      | Reached skill level 5 in Fighting
  2626 | D:3      | Reached XP level 6. HP: 15/40 MP: 6/6
  3306 | D:3      | Reached *** piety under Trog
  3381 | D:3      | Noticed an angel
  3383 | D:3      | Found a shimmering altar of Xom.
  3383 | D:3      | Found a glowing silver altar of Zin.
  3480 | D:3      | Found a white marble altar of Elyvilon.
  3604 | D:3      | Reached XP level 7. HP: 5/44 MP: 7/7
  4243 | D:4      | Found a burning altar of Makhleb.
  4313 | D:4      | Noticed Robin
  4322 | D:4      | Killed Robin
  4499 | D:4      | Reached skill level 6 in Fighting
  4646 | D:4      | Reached XP level 8. HP: 31/52 MP: 8/8
  4650 | D:4      | Reached **** piety under Trog
  4781 | D:4      | Reached skill level 1 in Shields
  4848 | D:4      | Found an iron altar of Okawaru.
  5086 | D:5      | Entered Level 5 of the Dungeon
  5111 | D:5      | Found a staircase to the Ecumenical Temple.
  5302 | D:5      | Noticed Blork the orc
  5320 | D:5      | Killed Blork the orc
  5320 | D:5      | Reached skill level 5 in Stealth
  5563 | D:5      | Reached ***** piety under Trog
  5993 | D:6      | Found a sparkling altar of Nemelex Xobeh.
  6139 | D:6      | Noticed shmeve's ghost (novice GrBe)
  6149 | D:6      | Reached skill level 5 in Shields
  6156 | D:6      | Reached XP level 9. HP: 25/56 MP: 9/9
  6171 | D:6      | Mangled by shmeve's ghost

Skill      XL: |  1  2  3  4  5  6  7  8 |
---------------+-------------------------+-----
Stealth        | 1 2 3 5 |  5.8
Axes           | 3 4 |  4.9
Fighting       | 4 5 6 |  6.5
Dodging        | 2 |  2.9
Armour         | 3 4 |  4.5
Shields        | 5 |  5.5

Action                   |  1- 3 |  4- 6 |  7- 9 || total
-------------------------+-------+-------+-------++-------
Melee: Hand axe          |   148 |   226 |   222 ||   596
       Battleaxe         |       |       |    94 ||    94
Invok: Berserk           |     1 |     4 |     3 ||     8
       Trog's Hand       |       |     5 |     3 ||     8
       Burn Spellbooks   |       |       |     1 ||     1
  Use: Scroll            |       |       |     4 ||     4
 Stab: Sleeping          |     1 |     3 |       ||     4
       Distracted        |       |       |     1 ||     1
  Eat: Chunk             |     2 |    11 |    11 ||    24
       Pizza             |     1 |       |       ||     1
Armor: Animal skin       |    61 |    96 |    40 ||   197
       Chain mail        |       |       |   199 ||   199
Dodge: Dodged            |   126 |   136 |   209 ||   471
Block: Buckler           |       |       |    35 ||    35
